 Dungeon Crawl Stone Soup version 0.31-a0-870-g10ed682358 (webtiles) character file.

Game seed: 2718601479980782997

2891 CoinPitGoblin the Skirmisher (level 9, -2/69 HPs)
             Began as a Demonspawn Fighter on Oct 12, 2023.
             Slain by a kobold brigand
             ... wielding a +0 whip
              (5 damage)
             ... on level 7 of the Dungeon.
             The game lasted 00:10:38 (4947 turns).

CoinPitGoblin the Skirmisher (Demonspawn Fighter)   Turns: 4947, Time: 00:10:39

Health: -2/69      AC: 14    Str: 23    XL:     9   Next: 48%
Magic:  9/9        EV: 11    Int:  9    God:
Gold:   280        SH:  0    Dex: 17    Spells: 8/8 levels left

rFire   + . .        g - +2 halberd
rCold   . . .        (shield currently unavailable)
rNeg    . . .        w - +0 scale mail {rF+}
rPois   .            (no helmet)
rElec   .            (no cloak)
rCorr   .            q - +0 pair of gloves
SInv    .            (no boots)
Will    .....        (no amulet) Stlth
                     f - +4 ring of protection
HPRegen 0.31/turn    x - +6 ring of strength
MPRegen 0.11/turn

%: no passive effects
@: brilliant, lethally poisoned (-2 -> -5)
A: hooves 2, thin metallic scales 1, powered by death 1, spiny 2
a: no special abilities


You were on level 7 of the Dungeon.
You visited 1 branch of the dungeon, and saw 7 of its levels.

You collected 280 gold pieces.

Inventory:

Hand Weapons
 a - a +0 trident
 b - a +2 triple crossbow of flaming
 g - a +2 halberd (weapon)
 C - the +6 sling of the Orcish Mines {heavy, +Blink SInv}
   (You found it on level 5 of the Dungeon)

   SInv:      It lets you see invisible.
   +Blink:    It lets you blink.
Armour
 n - a +0 kite shield
 q - a +0 pair of gloves (worn)
 w - a +0 scale mail of fire resistance (worn)
Magical Staves
 j - a staff of earth
Jewellery
 f - a +4 ring of protection (left hand)
 h - a ring of flight
 l - a ring of wizardry
 x - a +6 ring of strength (right hand)
Talismans
 e - a maw talisman
 o - a serpent talisman
Wands
 y - a wand of digging (5)
Scrolls
 c - a scroll of blinking {unknown}
 i - a scroll of immolation
 s - 4 scrolls of identify
 u - a scroll of teleportation
Potions
 d - a potion of might
 k - a potion of cancellation
 p - a potion of curing {unknown}
 r - a potion of resistance {unknown}
 t - a potion of degeneration {unknown}
 z - a potion of mutation {unknown}
 A - a potion of lignification {unknown}
 B - a potion of invisibility {unknown}


   Skills:
 + Level 5.9 Fighting
 + Level 1.9 Polearms
 + Level 9.6 Ranged Weapons
 + Level 5.5 Armour
 + Level 1.8 Dodging
 + Level 3.0 Shields


You had 8 spell levels left.
You didn't know any spells.
Your spell library contained the following spells:

 Spells                   Type           Power      Damage    Failure   Level
 Magic Dart               Conj           0%         1d3       67%         1
 Blink                    Tloc           0%         N/A       82%         2
 Lesser Beckoning         Tloc           0%         N/A       82%         2
 Searing Ray              Conj           0%         2d4       82%         2
 Gell's Gravitas          Tloc           0%         N/A       96%         3
 Inner Flame              Hex/Fire       0%         N/A       96%         3
 Teleport Other           Tloc           0%         N/A       96%         3
 Fulminant Prism          Conj/Hex       0%         3d5       100%        4
 Manifold Assault         Tloc           0%         N/A       100%        4
 Yara's Violent Unravell  Hex/Tmut       0%         3d3       100%        5
 Enfeeble                 Hex            0%         N/A       100%        7


Dungeon Overview and Level Annotations

Branches:
Dungeon (7/15)
 Temple: D:4-7

Altars:
Hepliaklqana
Xom

Shops:
D:6 *


Innate Abilities, Weirdness & Mutations

You have hoof-like feet.
You are partially covered in thin metallic scales. (AC +2)
You regenerate a little health from kills.
You are mostly covered in sharp spines.


Message History

Press: ? - help, Dir - move target, f/p - boulder beetle
Aim: a boulder beetle (severely wounded, about 11% to evade your +2 halberd)
You hit the boulder beetle but do no damage.
You kick the boulder beetle, but do no damage.
The boulder beetle is severely wounded.
The boulder beetle bites you.
* * * LOW HITPOINT WARNING * * *
The boulder beetle bites you but does no damage.
Unknown command.
Unknown command.
You feel very mighty all of a sudden. The boulder beetle bites you!
* * * LOW HITPOINT WARNING * * *
Reach: g) +2 halberd
Press: ? - help, Dir - move target, f/p - boulder beetle
Aim: a boulder beetle (severely wounded, about 11% to evade your +2 halberd)
You slash the boulder beetle!
The boulder beetle is almost dead.
The boulder beetle leaps!
Unknown command.
Okay, then.
You climb downwards.
The kobold brigand throws a poisoned dart.
The poisoned dart hits you!
You are lethally poisoned!
The kobold brigand throws a poisoned dart.
The poisoned dart barely misses you.
There is a stone staircase leading up, spattered with blood here.
It was a potion of cancellation.
Your magical effects are unravelling.
You feel magically purged.
You feel a little less mighty now.
* * * LOW HITPOINT WARNING * * *
You feel sick.
It was a potion of brilliance.
You feel clever all of a sudden.
* * * LOW HITPOINT WARNING * * *
You feel sick.
The kobold brigand hits you with a +0 whip.
You die...

# ######
.##. ....
..... #..#
##....#[[#
......[@)#
...##.K#[#
...)....#
...########
.. #


You could see a kobold brigand.

Vanquished Creatures
  A two-headed ogre (D:5)
  Sigmund (D:4)
  A water moccasin (D:6)
  An ice beast (D:5)
  A sky beast (D:6)
  An orc warrior (D:7)
  2 black bears
  An ogre (D:5)
  A centaur (D:6)
  3 phantoms
  Blork the orc (D:5)
  3 scorpions
  4 wights (D:6)
  2 jellies
  5 hounds
  3 orc priests
  2 iguanas
  2 sleepcaps
  8 gnolls (D:3)
  15 adders
  A shadow imp (D:6)
  5 worms
  2 dart slugs
  22 orcs
  5 endoplasms
  A giant cockroach (D:4)
  7 goblins
  9 hobgoblins
  8 kobolds
  3 quokkas
  11 ball pythons
  6 bats
  3 frilled lizards
  5 rats
146 creatures vanquished.

Vanquished Creatures (others)
  An orc wizard (D:7)
1 creature vanquished.

Grand Total: 147 creatures vanquished

Notes
Turn   | Place    | Note
-------+----------+-------------------------------------------
     0 | D:1      | CoinPitGoblin the Demonspawn Fighter began the quest for
                  | the Orb.
     0 | D:1      | Reached XP level 1. HP: 18/18 MP: 1/1
   178 | D:1      | Gained mutation: You are partially covered in sharp spines.
                  | [demonic ancestry]
   178 | D:1      | Reached XP level 2. HP: 24/24 MP: 2/2
   575 | D:2      | Gained mutation: You regenerate a little health from kills.
                  | [demonic ancestry]
   575 | D:2      | Reached XP level 3. HP: 29/29 MP: 3/3
   607 | D:2      | Reached skill level 1 in Ranged Weapons
   764 | D:2      | Gained mutation: You have large cloven feet. [demonic
                  | ancestry]
   764 | D:2      | Reached XP level 4. HP: 36/36 MP: 4/4
  1260 | D:3      | Reached skill level 2 in Ranged Weapons
  1324 | D:3      | Found a faded altar of an unknown god.
  1411 | D:3      | Reached XP level 5. HP: 42/42 MP: 5/5
  1412 | D:3      | Reached skill level 3 in Ranged Weapons
  1847 | D:3      | Reached skill level 4 in Ranged Weapons
  2215 | D:4      | Gained mutation: You are mostly covered in sharp spines.
                  | [demonic ancestry]
  2215 | D:4      | Reached XP level 6. HP: 48/48 MP: 6/6
  2341 | D:4      | Reached skill level 5 in Ranged Weapons
  2342 | D:4      | Found a shimmering altar of Xom.
  2756 | D:4      | Noticed Sigmund
  2759 | D:4      | Killed Sigmund
  2760 | D:4      | Reached skill level 1 in Dodging
  2760 | D:4      | Gained mutation: You have hoof-like feet. [demonic
                  | ancestry]
  2760 | D:4      | Reached XP level 7. HP: 54/54 MP: 7/7
  3022 | D:5      | Entered Level 5 of the Dungeon
  3122 | D:5      | Reached skill level 6 in Ranged Weapons
  3122 | D:5      | Noticed Blork the orc
  3126 | D:5      | Killed Blork the orc
  3153 | D:5      | Noticed a two-headed ogre
  3157 | D:5      | Killed a two-headed ogre
  3158 | D:5      | Reached skill level 7 in Ranged Weapons
  3158 | D:5      | Gained mutation: You are partially covered in thin metallic
                  | scales. (AC +2) [demonic ancestry]
  3158 | D:5      | Reached XP level 8. HP: 32/61 MP: 8/8
  3286 | D:5      | Reached skill level 5 in Fighting
  3315 | D:5      | Reached skill level 8 in Ranged Weapons
  3325 | D:5      | Identified the +6 sling of the Orcish Mines {heavy, +Blink
                  | SInv}
  3338 | D:5      | Found a hazy altar of Hepliaklqana.
  3791 | D:6      | Reached skill level 5 in Armour
  3965 | D:6      | Reached XP level 9. HP: 68/68 MP: 9/9
  4175 | D:6      | Found Ippilimaij's Serpentskin Sales.
  4180 | D:6      | Reached skill level 9 in Ranged Weapons
  4926 | D:7      | Noticed a boulder beetle
  4947 | D:7      | HP: 3/69 [poisoned by a kobold brigand]
  4947 | D:7      | Slain by a kobold brigand

Illustrated notes

Levels and vault maps discovered:
D:1:      erik_arrival_blinker_ship, layout_rooms
D:2:      layout_loops_ring, minmay_misc_feat_enclosed, minmay_pentomino_w2
D:3:      layout_loops_ring, shapermc_ecumenical_altar_mp_vishouse
D:4:      layout_loops_cross, tgw_xom, mainiacjoe_ossuary_entry_dusty_tomb,
          kennysheep_generic_room_2, uniq_sigmund
D:5:      layout_rooms, mainiacjoe_overflow_24_doors, uniq_blork_the_orc
D:6:      layout_layer_cave, serial_park_tiny_1, guppyfry_shop_venom
D:7:      layout_basic, mainiacjoe_overflow_swirl, temple_pool_b

Skill      XL: |  1  2  3  4  5  6  7  8  9 |
---------------+----------------------------+-----
Armour         | 3 4 5 |  5.5
Ranged Weapons | 1 2 4 5 7 8 9 |  9.6
Shields        | 3 |  3.0
Fighting       | 4 5 |  5.9
Dodging        | 1 |  1.8
Polearms       | |  1.9

Action                     |  1- 3 |  4- 6 |  7- 9 || total
---------------------------+-------+-------+-------++-------
  Melee: Trident           |    14 |       |       ||    14
         Halberd           |       |       |    20 ||    20
         Kick              |       |       |    11 ||    11
   Fire: Triple crossbow   |    52 |   107 |   105 ||   264
    Use: Scroll            |     2 |     3 |     1 ||     6
         Potion            |       |       |     3 ||     3
 Armour: Scale mail        |    33 |    54 |    75 ||   162
  Dodge: Dodged            |    21 |    30 |    33 ||    84
  Block: Buckler           |     1 |       |       ||     1

Table legend: (Time is in decaauts)
 A = Elapsed time spent in this place.
 B = Non-inter-level travel time spent in this place.
 C = Inter-level travel time spent in this place.
 D = Time resting spent in this place.
 E = Time spent auto-exploring this place.
 F = Levels seen in this place.
 G = Mean time per level.
                   A        B        C        D        E       F      G
               +--------+--------+--------+--------+--------+-----+--------+
         Total |   5283 |   4652 |    631 |      0 |   3671 |   7 |  754.7 |
       Dungeon |   5283 |   4652 |    631 |      0 |   3671 |   7 |  754.7 |
               +--------+--------+--------+--------+--------+-----+--------+

Top non-repeatable levels by time:
     D:6: 1202 daAuts
     D:3: 1014 daAuts
     D:4: 909 daAuts
     D:2: 777 daAuts
     D:5: 772 daAuts
     D:1: 568 daAuts
     D:7: 39 daAuts
